 Dungeon Crawl Stone Soup version 0.20.1-1-g8b1a95d66d (webtiles) character file.

146 Gargoyl the Skirmisher (level 5, -2/45 HPs)
             Began as a Centaur Abyssal Knight on Dec 21, 2017.
             Was a Believer of Lugonu.
             Slain by an ogre
             ... wielding a +0 giant club
              (19 damage)
             ... on level 3 of the Dungeon.
             The game lasted 00:05:37 (2881 turns).

Gargoyl the Skirmisher (Centaur Abyssal Knight)     Turns: 2881, Time: 00:05:37

Health: -2/45      AC:  7    Str: 16    XL:     5   Next: 7%
Magic:  6/7        EV:  8    Int: 11    God:    Lugonu [**....]
Gold:   218        SH:  0    Dex: 10    Spells: 4/4 levels left

rFire    . . .     SeeInvis .   d - +1 scimitar of the Moon {slice, Str+2}
rCold    . . .     Gourm    .   (no shield)
rNeg     . . .     Faith    .   n - +0 ring mail
rPois    .         Spirit   .   (no helmet)
rElec    .         Reflect  .   (no cloak)
rCorr    .         Harm     .   c - +0 pair of gloves
MR       .....                  (no barding)
Stlth    ..........             e - amulet of magic regeneration
Regen    0.2/turn               (no ring)
MPRegen  0.2/turn               (no ring)

@: very quick
A: hooves 3, deformed body, speed 2, tough skin 3
a: Depart the Abyss, Bend Space, Renounce Religion


You were on level 3 of the Dungeon.
You worshipped Lugonu.
Lugonu was pleased with you.
You were not hungry.

You visited 1 branch of the dungeon, and saw 4 of its levels.
You visited the Abyss 1 time.

You collected 218 gold pieces.

Inventory:

Hand Weapons
 a - a +1 hand axe
 d - the +1 scimitar of the Moon (weapon) {slice, Str+2}
   (You found it on level 2 of the Abyss)

   It inflicts extra damage upon your enemies.
   It affects your strength (+2).
Armour
 c - a +0 pair of gloves (worn)
 n - a +0 ring mail (worn)
Jewellery
 e - an amulet of magic regeneration (around neck)
Scrolls
 h - a scroll of identify {unknown}
 p - 3 scrolls of teleportation
 q - a scroll of fear
 r - 2 scrolls of fog
 t - 2 scrolls of magic mapping
Potions
 f - 6 potions of heal wounds {unknown}
 g - a potion of magic {unknown}
 j - a potion of agility {unknown}
 k - 3 potions of haste {unknown}
 l - a potion of invisibility {unknown}
 m - 3 potions of curing {unknown}
 o - a potion of cancellation {unknown}
 u - a potion of brilliance {unknown}
 w - a potion of might {unknown}
Comestibles
 b - a bread ration
 i - 3 fruits
 s - a chunk of flesh


   Skills:
 + Level 3.4 Fighting
 + Level 2.4 Long Blades
 + Level 1.9 Axes
 * Level 2.4 Armour
 + Level 0.6 Dodging
 * Level 2.8 Invocations


You had 4 spell levels left.
You didn't know any spells.

Dungeon Overview and Level Annotations

Branches:
Dungeon (4/15)
 Temple: D:4-7

Altars:

Annotations:
D:4 operand's ghost, amateur GrFi


Innate Abilities, Weirdness & Mutations

You have hooves in place of feet.
Armour fits poorly on your strangely shaped body.
You cover ground very quickly.
You have extremely tough skin. (AC +3)


Message History

Done exploring.
There is a stone staircase leading down here.
You climb downwards.
Level annotation: operand's ghost, amateur GrFi The ball python bites you but does no damage.
The quokka bites you but does no damage.
Operand's ghost hits you but does no damage.
The ogre hits you with a giant club! The quokka closely misses you.
Operand's ghost hits you.
There is a stone staircase leading up, spattered with blood here.
The quokka bites you but does no damage.
The phantom blinks!
The ogre hits you with a giant club! The dart slug launches a dart at you.
The slug dart hits you! Operand's ghost hits you.
You climb upwards.
There is a stone staircase leading down here.
Unknown command.
Unknown command.
Space bends around you!
You blink.
The ogre hits you with a giant club!!
You die...

########### #.........#
######### #.#######.# #.......#
######.##### #รท# #.......#
#.<........# #r#### #.####..#
#.####..##.###O##.###.####..#
#.####..##.....@.........#..###
#.##....######......#.........#
#.##.#.........#...##.####.##.#
#.##.##.#########.###.####.##.#
#.......# #.# #......##.#
####.#### #.# #########<## #.#
##+## #... #.# ##...## ###.
#.#### ##.....## ### #.


You could see an ogre and a quokka.

Vanquished Creatures
  A worker ant (D:3)
  3 gnolls (D:3)
  2 adders
  A worm (D:2)
  A dart slug (D:2)
  A leopard gecko (D:3)
  4 orcs (D:3)
  A bat (D:1)
  10 giant cockroaches
  6 goblins
  5 hobgoblins
  3 jackals (D:2)
  4 frilled lizards
  8 kobolds
  19 rats
69 creatures vanquished.

Notes
Turn   | Place    | Note
-------+----------+-------------------------------------------
     0 | Abyss:1  | Gargoyl the Centaur Abyssal Knight began the quest for the Orb.
     0 | Abyss:1  | Reached XP level 1. HP: 19/19 MP: 2/2
    31 | Abyss:2  | Noticed a kraken
    31 | Abyss:2  | Noticed a small abomination
    46 | Abyss:2  | Got a faintly glowing scimitar
    47 | Abyss:2  | Identified the cursed +1 scimitar of the Moon {slice, Str+2} (You found it on level 2 of the Abyss)
    56 | Abyss:2  | Noticed a small abomination
   110 | Abyss:2  | Noticed a large abomination
   142 | Abyss:2  | Noticed a raiju
   143 | D:1      | Escaped the Abyss
   290 | D:1      | Reached * piety under Lugonu
   412 | D:1      | Reached XP level 2. HP: 26/26 MP: 3/3
   976 | D:2      | Reached XP level 3. HP: 9/31 MP: 4/4
  1255 | D:2      | Reached skill level 1 in Long Blades
  1628 | D:2      | Reached ** piety under Lugonu
  1977 | D:3      | Reached XP level 4. HP: 38/38 MP: 5/5
  2694 | D:4      | Noticed a phantom
  2694 | D:4      | Noticed an ogre
  2694 | D:4      | Noticed operand's ghost (amateur GrFi)
  2708 | D:3      | Reached XP level 5. HP: 19/45 MP: 7/7
  2881 | D:3      | Slain by an ogre

Skill      XL: |  1  2  3  4 |
---------------+-------------+-----
Long Blades    | 1 2 |  2.4
Armour         | 2 |  2.4
Fighting       | |  3.4
Axes           | |  1.9
Dodging        | |  0.6
Invocations    | |  2.8

Action                   |  1- 3 |  4- 6 || total
-------------------------+-------+-------++-------
Melee: Scimitar          |    91 |    41 ||   132
       Kick              |     9 |     3 ||    12
Invok: Depart the Abyss  |     1 |       ||     1
       Bend Space        |       |     1 ||     1
  Use: Scroll            |     7 |     1 ||     8
  Eat: Bread ration      |     1 |       ||     1
Armor: Leather armour    |     5 |       ||     5
       Ring mail         |    43 |    24 ||    67
Dodge: Dodged            |    48 |    21 ||    69
       Rpst.: Scimitar   |    17 |     6 ||    23
